 Dungeon Crawl Stone Soup version 0.21.1-1-g345015fe64 (webtiles) character file.

86 KleinerIrrer the Chopper (level 4, -4/42 HPs)
             Began as a Naga Fighter on Apr 13, 2018.
             Killed from afar by Dox's ghost (7 damage)
             ... with a magic dart
             ... on level 3 of the Dungeon.
             The game lasted 00:00:37 (1938 turns).

KleinerIrrer the Chopper (Naga Fighter)             Turns: 1938, Time: 00:00:38

Health: -4/42      AC:  6    Str: 19    XL:     4   Next: 50%
Magic:  4/4        EV:  5    Int:  9    God:
Gold:   151        SH:  8    Dex: 10    Spells: 3/3 levels left

rFire    . . .     SeeInvis +   Y - +1 war axe
rCold    . . .     Gourm    .   c - +0 shield
rNeg     . . .     Faith    .   b - +0 scale mail
rPois    +         Spirit   .   (no helmet)
rElec    .         Reflect  .   (no cloak)
rCorr    .         Harm     .   i - +0 pair of gloves
MR       .....                  (no barding)
Stlth    ..........             (no amulet)
HPRegen  0.14/turn              (no ring)
MPRegen  0.09/turn              (no ring)

@: very slow
A: large, see invisible, deformed body, poison resistance, slowness 2, slow
metabolism 1, spit poison 1, AC +1
a: Spit Poison


You were on level 3 of the Dungeon.
You were not hungry.

You visited 1 branch of the dungeon, and saw 3 of its levels.

You collected 151 gold pieces.


Innate Abilities, Weirdness & Mutations

You cannot wear boots.
Your serpentine skin is tough. (AC +1)
You have supernaturally acute eyesight. (SInv)
Armour fits poorly on your strangely shaped body.
Your system is resistant to poisons. (rPois)
You cover ground very slowly.
You have a slow metabolism.
You can spit poison.


   Skills:
 - Level 3.0 Fighting
 + Level 4.6 Axes
 - Level 2.4 Armour
 - Level 2.4 Shields


You had 3 spell levels left.
You didn't know any spells.

Inventory:

Hand Weapons
 m - a +0 whip
 Y - a +1 war axe (weapon)
Missiles
 j - a javelin (quivered)
Armour
 b - a +0 scale mail (worn)
 c - a +0 shield (worn)
 i - a +0 pair of gloves (worn)
Wands
 n - a wand of random effects (25)
Scrolls
 k - a scroll of identify
 l - a scroll of remove curse
Potions
 d - a potion of might
Comestibles
 f - 4 rations

Dungeon Overview and Level Annotations

Branches:
Dungeon (3/15)

Altars:

Annotations:
D:3 Dox's ghost, amateur HuWz


Message History

You slash Dox's ghost!
Dox's ghost is heavily damaged.
You closely miss the jackal. You block the jackal's attack.
The jackal bites you.
Dox's ghost hits you but does no damage.
You barely miss Dox's ghost.
Dox's ghost is heavily damaged.
You closely miss the jackal. The jackal bites you.
Dox's ghost hits you but does no damage.
You block the jackal's attack. Dox's ghost hits you.
A giant cockroach comes into view.
You hit Dox's ghost.
Dox's ghost is severely damaged.
Your scale mail prevents you from hitting the jackal.
The jackal bites you but does no damage.
The jackal bites you. Dox's ghost casts a spell at you.
The magic dart hits you!
You die...

#.# #.#
#.#
#####.#
#.....#
####
#.#####
... #.#
###W##.#
#..h@..#
#.#s####
#% ## ..
.. ###
.# .##
..# ..#


You could see Dox's ghost, a jackal and a giant cockroach.

Vanquished Creatures
  5 adders (D:2)
  A worm (D:2)
  A dart slug (D:1)
  3 leopard geckos
  3 giant cockroaches
  2 goblins (D:2)
  A jackal (D:3)
  7 kobolds
  2 ball pythons (D:2)
  2 bats
  5 frilled lizards
  8 rats
40 creatures vanquished.

Vanquished Creatures (others)
  9 toadstools (D:3)
9 creatures vanquished.

Grand Total: 49 creatures vanquished

Notes
Turn   | Place    | Note
-------+----------+-------------------------------------------
     0 | D:1      | KleinerIrrer the Naga Fighter began the quest for the Orb.
     0 | D:1      | Reached XP level 1. HP: 21/21 MP: 1/1
     0 | D:1      | 0 ||| counter = 76
     2 | D:1      | 2 ||| INVOKING Spit Poison.
     3 | D:1      | 3 ||| INVOKING Spit Poison.
    98 | D:1      | 98 ||| INVOKING Spit Poison.
   165 | D:1      | Reached XP level 2. HP: 28/28 MP: 2/2
   208 | D:1      | 208 ||| INVOKING Spit Poison.
   220 | D:1      | 220 ||| INVOKING Spit Poison.
   247 | D:1      | 247 ||| INVOKING Spit Poison.
   321 | D:1      | 321 ||| INVOKING Spit Poison.
   332 | D:1      | Reached skill level 3 in Axes
   402 | D:1      | 402 ||| INVOKING Spit Poison.
   412 | D:1      | 412 ||| INVOKING Spit Poison.
   423 | D:1      | 423 ||| INVOKING Spit Poison.
   521 | D:1      | 521 ||| INVOKING Spit Poison.
   762 | D:1      | 762 ||| UPGRADING to pair of gloves.
   767 | D:1      | 767 ||| READING scroll labeled NELELY OMUESYZ.
   768 | D:1      | 768 ||| READING scroll labeled LIUKHI VORARCHA.
   769 | D:1      | 769 ||| READING 2 scrolls labeled FYTUXO ROTZ.
   770 | D:1      | 770 ||| READING 2 scrolls labeled JUKKAM QIRESU.
   771 | D:1      | 771 ||| UPGRADING to whip.
   772 | D:1      | 772 ||| SWAPPING to +0 war axe.
   791 | D:2      | 791 ||| INVOKING Spit Poison.
   795 | D:2      | Reached XP level 3. HP: 27/34 MP: 3/3
   810 | D:2      | 810 ||| STAIRDANCE
   846 | D:1      | 846 ||| READING scroll labeled MAEGOVV REJUO.
   853 | D:2      | 853 ||| INVOKING Spit Poison.
   870 | D:2      | 870 ||| INVOKING Spit Poison.
   893 | D:2      | 893 ||| INVOKING Spit Poison.
   917 | D:2      | 917 ||| INVOKING Spit Poison.
   963 | D:2      | 963 ||| INVOKING Spit Poison.
   976 | D:2      | 976 ||| INVOKING Spit Poison.
   981 | D:2      | 981 ||| INVOKING Spit Poison.
   987 | D:2      | 987 ||| INVOKING Spit Poison.
  1003 | D:2      | 1003 ||| INVOKING Spit Poison.
  1004 | D:2      | 1004 ||| INVOKING Spit Poison.
  1074 | D:2      | 1074 ||| INVOKING Spit Poison.
  1134 | D:2      | Reached skill level 4 in Axes
  1235 | D:2      | 1235 ||| INVOKING Spit Poison.
  1236 | D:2      | 1236 ||| INVOKING Spit Poison.
  1290 | D:2      | 1290 ||| INVOKING Spit Poison.
  1291 | D:2      | 1291 ||| INVOKING Spit Poison.
  1297 | D:2      | 1297 ||| INVOKING Spit Poison.
  1298 | D:2      | 1298 ||| INVOKING Spit Poison.
  1301 | D:2      | Reached XP level 4. HP: 41/42 MP: 4/4
  1345 | D:2      | 1345 ||| INVOKING Spit Poison.
  1384 | D:2      | 1384 ||| INVOKING Spit Poison.
  1533 | D:2      | 1533 ||| INVOKING Spit Poison.
  1639 | D:2      | 1639 ||| READING 2 scrolls labeled SAQ MAEQALINURCHY.
  1642 | D:2      | 1642 ||| READING scroll labeled CUNAVE ZANITSY.
  1643 | D:2      | 1643 ||| READING scroll labeled DABOGE EXOPYMP.
  1644 | D:2      | 1644 ||| READING 2 scrolls of identify.
  1644 | D:2      | 1644 ||| IDENTIFYING dented copper amulet
  1645 | D:2      | 1645 ||| DROPPING cursed amulet of inaccuracy.
  1660 | D:3      | Noticed Dox's ghost (amateur HuWz)
  1673 | D:3      | HP: 10/42 [Dox's ghost/magic dart (3)]
  1674 | D:3      | 1674 ||| READING scroll of teleportation.
  1933 | D:3      | HP: 9/42 [Dox's ghost/magic dart (9)]
  1938 | D:3      | HP: 3/42 [jackal (3)]
  1938 | D:3      | Killed from afar by Dox's ghost

Vault maps used:
D:1:      scummos_arrival_star
D:2:      minmay_unequal
D:3:      cheibrodos_fertilizer, gup_sewer_entry_glass, uniq_terence

Skill      XL: |  1  2  3 |
---------------+----------+-----
Axes           | 3 4 |  4.6
Fighting       | |  3.0
Armour         | |  2.4
Shields        | |  2.4

Action                   |  1- 3 |  4- 6 || total
-------------------------+-------+-------++-------
Melee: War axe           |    53 |    44 ||    97
Throw: Javelin           |     9 |     1 ||    10
 Abil: Spit Poison       |    23 |     3 ||    26
  Use: Scroll            |     5 |     5 ||    10
  Eat: Chunk             |     2 |     2 ||     4
Armor: Scale mail        |    14 |    25 ||    39
Dodge: Dodged            |     8 |     7 ||    15
Block: Shield            |    21 |    21 ||    42

Table legend:
 A = Spawn XP
 B = Non-spawn XP
 C = Spawn XP percentage of total XP
 D = Spawn monster count
 E = Non-spawn monster count
 F = Spawn count percentage of total count
 G = Total turns spent on level
                    A         B        C        D         E        F      G
               +---------+---------+-------+---------+---------+-------+---------
         Total |       0 |     124 |   0.0 |       0 |      40 |   0.0 |  1938
               +---------+---------+-------+---------+---------+-------+---------
           D:1 |       0 |      26 |   0.0 |       0 |      16 |   0.0 |   816
           D:2 |       0 |      94 |   0.0 |       0 |      21 |   0.0 |   844
           D:3 |       0 |       4 |   0.0 |       0 |       3 |   0.0 |   278
               +---------+---------+-------+---------+---------+-------+---------
